Map: Ley Lines

Players

EightNovem

  • Race: Terran Terran
  • League: Diamond
  • Spawn Location: 7:00

tatka - Winner!

  • Race: Zerg Zerg
  • League: Diamond
  • Spawn Location: 1:00

VOD

Have the link to the VOD?

Description

Time

  • Played on: Sept. 12, 2025, 8:58 a.m.
  • Length: 9:39
Show
View Real Time Build Order
Export as new Build Order

EightNovem Terran 

Build Orders: Reaper Expand, Hellion Banshee 

Get SALT Encoding   

  12  0:01  SCV  
  13  0:14  SCV  
  13  0:18  Supply Depot  
  14  0:26  SCV  
  15  0:40  SCV  
  15  0:42  Barracks  
  16  0:46  Refinery  
  16  0:52  SCV  
  17  1:04  SCV  
  18  1:16  SCV  
  19  1:28  Orbital Command  
  19  1:29  Reaper  
  20  1:39  Command Center  
  20  1:46  Supply Depot  
  21  1:54  SCV  
  21  2:01  Marine  
  21  2:07  SCV  
  23  2:10  Factory  
  23  2:19  SCV  
  24  2:31  Barracks Reactor, SCV  
  25  2:37  Command Center  
  25  2:43  SCV  
  26  2:53  Orbital Command  
  26  2:55  SCV  
  27  3:02  Starport  
  27  3:08  SCV  
  28  3:14  Hellion  
  28  3:15  Hellion  
  32  3:20  Refinery, Barracks Tech Lab, SCV  
  32  3:23  SCV  
  34  3:32  SCV  
  34  3:36  Hellion  
  34  3:38  SCV  
  37  3:44  SCV  
  37  3:47  Hellion  
  39  3:50  Orbital Command, SCV  
  40  3:56  SCV  
  40  3:57  Banshee  
  44  4:02  SCV  
  44  4:08  SCV  
  46  4:10  Cloaking Field  
  46  4:15  SCV  
  47  4:18  SCV  
  47  4:19  Hellion  
  47  4:20  Hellion  
  52  4:25  SCV  
  52  4:26  Refinery  
  52  4:27  Refinery, Supply Depot  
  52  4:29  Barracks Tech Lab  
  52  4:31  SCV  
  54  4:34  SCV  
  54  4:37  SCV  
  56  4:43  SCV  
  57  4:46  SCV  
  57  4:50  Engineering Bay, SCV, Supply Depot  
  57  4:51  Engineering Bay  
  57  4:52  Stimpack  
  59  4:55  SCV  
  60  5:05  SCV  
  60  5:07  Orbital Command  
  61  5:13  Barracks  
  61  5:14  SCV  
  61  5:17  SCV  
  61  5:19  Factory Reactor, Barracks  
  61  5:20  Barracks  
  63  5:22  Supply Depot  
  63  5:26  Terran Infantry Weapons Level 1, Terran Infantry Armor Level 1, SCV  
  63  5:29  SCV  
  64  5:36  SCV  
  64  5:38  SCV  
  64  5:41  SCV  
  67  5:45  Barracks  
  67  5:48  SCV  
  67  5:49  Banshee  
  71  5:50  SCV  
  71  5:53  SCV  
  73  6:00  SCV  
  73  6:02  SCV  
  75  6:05  SCV  
  75  6:09  Supply Depot x2  
  75  6:10  Supply Depot  
  76  6:11  Barracks Reactor  
  76  6:12  SCV  
  76  6:17  SCV x2  
  80  6:29  SCV  
  80  6:30  SCV  
  70  6:44  Marine x2  
  70  6:45  Combat Shield  
  70  6:46  Marine x2  
  72  6:54  Starport Reactor  
  72  6:57  Marine  
  72  6:58  Marine  
  61  7:01  Marine  
  61  7:02  Marine  
  59  7:11  SCV  
  59  7:12  Siege Tank  
  61  7:15  Marine  
  61  7:17  Orbital Command  
  61  7:20  Marine  
  61  7:21  Marine x2  
  64  7:28  SCV  
  58  7:30  Orbital Command  
  58  7:33  Marine  
  43  7:38  Marine x3  
  43  7:40  SCV  
  43  7:43  SCV  
  26  7:51  Marine  
  16  7:52  SCV  
  16  7:55  SCV  
  16  7:56  Marine x3, SCV  
  18  8:04  SCV  
  17  8:07  SCV  
  17  8:08  SCV  
  17  8:09  Marine  
  18  8:14  Marine x3  
  18  8:16  SCV  
  18  8:19  SCV  
  21  8:22  Orbital Command  
  21  8:26  Marine  
  17  8:28  SCV  
  17  8:31  SCV  
  17  8:32  Marine x3  
  23  8:40  SCV  
  23  8:44  Marine  
  22  8:49  Marine  
  22  8:50  Marine x2  
  22  8:53  SCV  
  22  9:02  Marine  
  15  9:05  SCV  
  15  9:07  Marine x2  
  15  9:08  Marine  
  12  9:20  SCV  
Show
View Real Time Build Order
Export as new Build Order

tatka Zerg - Winner!

Build Orders: Hatch First 

Get SALT Encoding   

  12  0:00  Drone  
  13  0:12  Overlord  
  13  0:16  Drone  
  14  0:30  Drone x2  
  16  0:47  Hatchery  
  15  0:50  Drone  
  15  0:53  Drone  
  15  0:56  Drone  
  18  1:07  Extractor  
  17  1:12  Spawning Pool  
  17  1:14  Drone  
  17  1:18  Drone  
  18  1:27  Drone  
  19  1:38  Drone  
  20  1:49  Drone  
  21  1:59  Overlord, Queen x2  
  21  2:00  Zergling x2  
  26  2:11  Zergling x2  
  26  2:14  Zergling x2  
  28  2:17  Metabolic Boost  
  28  2:30  Drone  
  29  2:39  Hatchery  
  29  2:41  Drone x3  
  31  2:50  Drone x2  
  32  2:58  Drone x2  
  34  3:00  Queen  
  36  3:06  Overlord  
  36  3:14  Overlord  
  36  3:25  Drone x3  
  36  3:26  Drone x2  
  41  3:33  Drone  
  42  3:37  Drone  
  42  3:40  Zergling x2  
  42  3:50  Zergling x4  
  44  3:56  Roach Warren  
  44  3:58  Drone  
  44  4:01  Drone x4  
  48  4:03  Lair  
  48  4:06  Drone x4  
  52  4:14  Queen  
  52  4:15  Queen  
  52  4:16  Drone x2  
  58  4:19  Overlord  
  58  4:23  Extractor  
  57  4:25  Extractor  
  57  4:30  Overlord x2  
  56  4:31  Zergling x4  
  56  4:38  Overlord x2  
  58  4:40  Roach x3  
  64  4:46  Drone x2  
  64  4:51  Roach x3  
  71  5:04  Roach x2  
  71  5:05  Roach x3  
  80  5:12  Roach  
  82  5:16  Drone x3  
  85  5:25  Drone x3  
  87  5:30  Roach x3  
  87  5:31  Glial Reconstitution  
  87  5:35  Drone x2  
  95  5:42  Overseer  
  95  5:45  Roach  
  95  5:46  Overlord x2  
  95  5:47  Overlord  
  97  5:59  Overlord x2  
  97  6:00  Overlord x4  
  97  6:04  Extractor  
  97  6:07  Evolution Chamber, Roach x5  
  105  6:11  Roach x2  
  105  6:12  Roach  
  105  6:16  Roach  
  113  6:21  Roach  
  115  6:32  Roach x3  
  123  6:33  Roach x4  
  123  6:39  Drone x2  
  132  6:40  Drone, Roach x2  
  132  6:44  Spore Crawler  
  132  6:45  Spore Crawler  
  132  6:48  Spore Crawler  
  132  6:51  Zergling x6  
  127  7:04  Zergling x4  
  127  7:05  Zergling x2, Roach x2  
  127  7:06  Roach  
  133  7:12  Roach x3  
  133  7:13  Roach x3  
  141  7:16  Roach  
  139  7:29  Zergling x6, Roach x3  
  141  7:30  Zergling x2  
  141  7:35  Roach  
  120  7:48  Roach x2  
  120  7:49  Roach x2  
  116  7:53  Hatchery, Ravager x2  
  116  7:56  Roach  
  116  7:57  Roach  
  115  8:01  Drone x6  
  115  8:02  Drone x2  
  111  8:17  Roach x4  
  111  8:18  Roach x3  
  122  8:23  Drone x2  
  123  8:28  Extractor  
  123  8:30  Extractor  
  116  8:42  Drone x2  
  116  8:47  Spire  
  114  8:50  Spore Crawler x2  
  114  8:52  Spore Crawler  
  99  8:55  Ravager  
  99  8:57  Zergling x2  
  99  8:58  Zergling x16  
  99  8:59  Zergling x8  
  108  9:04  Roach x2  
  111  9:10  Roach  
  109  9:20  Roach x5  
  117  9:24  Hatchery  
Tags
 
Add a new tag
Caveats
  • Supply blocks, unpowered buildings, or Contaminate may cause inaccurate times.
  • Supply counts are checked every 10 seconds.